 Dungeon Crawl Stone Soup version 0.21-a0-51-gea492e9 (webtiles) character file.

196314 nikopol the Marksgargoyle (level 18, -16/119 HPs)
             Began as a Gargoyle Fighter on June 12, 2017.
             Was the Champion of Okawaru.
             Demolished by a merfolk impaler
             ... wielding a +0 vampiric demon trident
              (17 damage)
             ... on level 3 of the Shoals.
             The game lasted 02:16:03 (37509 turns).

nikopol the Marksgargoyle (Gargoyle Fighter)       Turns: 37509, Time: 02:16:03

Health: -16/119    AC: 37    Str: 29    XL:     18   Next: 37%
Magic:  18/18      EV: 16    Int: 11    God:    Okawaru [******]
Gold:   1471       SH:  0    Dex: 20    Spells: 15/17 levels left

rFire    + . .     SeeInvis +   a - +6 war axe
rCold    + . .     Gourm    .   (no shield)
rNeg     + + .     Faith    .   l - +8 ring mail "Emom" {rC+ rN+ Int+3 Slay+3}
rPois    ∞         Spirit   .   D - +2 helmet {SInv}
rElec    +         Reflect  .   d - scarf of Fuunom {rF+ Dex+3 Slay+5}
rCorr    .         Harm     .   y - +2 pair of gloves {archery}
MR       +....                  I - +0 pair of boots
Stlth    +++.......             Y - amulet "Juali" {*Contam Regen+ Str+5 Stlth+}
Regen    0.7/turn               N - +3 ring of dexterity
MPRegen  0.2/turn               G - ring of see invisible

@: marked, flying
A: big wings, negative energy resistance 1, electricity resistance, unbreathing,
petrification resistance, rot immunity, AC +13
}: 1/15 runes: serpentine
a: Stop Flying, Heroism, Finesse, Renounce Religion


You were on level 3 of the Shoals.
You worshipped Okawaru.
Okawaru was exalted by your worship.
You were hungry.

You visited 6 branches of the dungeon, and saw 31 of its levels.
You also visited: Labyrinth, Sewer and Volcano.

You collected 3077 gold pieces.
You spent 1606 gold pieces at shops.

Inventory:

Hand Weapons
 a - a +6 war axe (weapon)
 z - the +3 longbow of the Immovable Wars {velocity, MR+ Dex+4 Stlth+}
   (Okawaru gifted it to you on level 3 of the Lair of Beasts)

   Any arrow fired from it inflicts extra damage.
   It affects your dexterity (+4).
   It affects your resistance to hostile enchantments.
   It makes you more stealthy.
Missiles
 c - 1046 arrows
Armour
 d - the scarf of Fuunom (worn) {rF+ Dex+3 Slay+5}
   (Okawaru gifted it to you on level 2 of the Orcish Mines)

   It affects your dexterity (+3).
   It affects your accuracy and damage with ranged weapons and melee attacks
   (+5).
   It protects you from fire.
 e - a +2 shield
 l - the +8 ring mail "Emom" (worn) {rC+ rN+ Int+3 Slay+3}
   (You found it on level 13 of the Dungeon)

   It affects your intelligence (+3).
   It affects your accuracy and damage with ranged weapons and melee attacks
   (+3).
   It protects you from cold.
   It protects you from negative energy.
 y - a +2 pair of gloves of archery (worn)
 D - a +2 helmet of see invisible (worn)
 H - a +1 cloak of magic resistance
 I - a +0 pair of boots (worn)
 X - the +0 crystal plate armour "Judaow" {MR++ Int+3}
   (Okawaru gifted it to you on level 3 of the Snake Pit)

   It affects your intelligence (+3).
   It affects your resistance to hostile enchantments.
Jewellery
 G - a ring of see invisible (right hand)
 N - a +3 ring of dexterity (left hand)
 V - the amulet "Pinwyat" {Gourm Fragile rF+++ rN+++ Str-5}
   (You found it on level 14 of the Dungeon)

   [amulet of the gourmand]

   It allows you to eat raw meat even when not hungry.
   It affects your strength (-5).
   It renders you almost immune to fire.
   It renders you almost immune to negative energy.
   It will be destroyed if unequipped.
 Y - the amulet "Juali" (around neck) {*Contam Regen+ Str+5 Stlth+}
   (You found it in a labyrinth)

   [amulet of regeneration]

   It affects your strength (+5).
   It causes magical contamination when unequipped.
   It increases your rate of regeneration.
   It makes you more stealthy.
Wands
 b - a wand of digging (9/24)
 i - a wand of paralysis (13/24)
 k - a wand of enslavement (9/24)
 s - a wand of disintegration (10/24)
 C - a wand of confusion (18/48)
 O - a wand of lightning (14/15)
Scrolls
 o - 3 scrolls of fog
 r - 11 scrolls of teleportation
 v - 3 scrolls of recharging
 A - 5 scrolls of enchant armour
 B - 4 scrolls of remove curse
 E - a scroll of amnesia
 K - 3 scrolls of fear
 L - 2 scrolls of identify
 P - 2 scrolls of enchant weapon
 T - a scroll of magic mapping
Potions
 g - a potion of might
 h - 22 potions of curing
 j - 6 potions of brilliance
 m - 6 potions of agility
 n - 3 potions of magic
 p - 13 potions of heal wounds
 t - 2 potions of cancellation
 w - 4 potions of haste
 F - 2 potions of ambrosia
 R - 4 potions of resistance
Comestibles
 f - 17 bread rations
 u - 14 meat rations
 x - 11 royal jellies
 U - 16 fruits


   Skills:
 + Level 15.4 Fighting
 + Level 13.8 Axes
 + Level 18.2 Bows
 + Level 11.1 Armour
 + Level 6.0 Dodging
 + Level 3.1 Stealth
 + Level 12.9 Shields
 + Level 0.8 Unarmed Combat
 + Level 0.2 Invocations


You had 15 spell levels left.
You knew the following spells:

 Your Spells              Type           Power        Failure   Level  Hunger
a - Passwall              Tmut/Erth      #.........   56%         2    ###....


Dungeon Overview and Level Annotations

Branches:
Dungeon (15/15)            Temple (1/1) D:7            Lair (6/6) D:9
 Shoals (3/4) Lair:3        Snake (4/4) Lair:3        Slime (0/5) Lair:5
    Orc (2/2) D:10            Elf (0/3) Orc:2        Vaults (0/5) D:14
 Depths (0/5) D:15

Altars:
Ashenzari
Cheibriados
Dithmenos
Elyvilon
Fedhas
Gozag
Hepliaklqana
Kikubaaqudgha
Makhleb
Nemelex Xobeh
Okawaru
Qazlal
Ru
Sif Muna
Trog
Uskayaw
Vehumet
Wu Jian
Xom
Yredelemnul
Zin
The Shining One
Beogh
Jiyva

Shops:
D:6 [   D:7 (   D:11 *   D:15 (   Orc:2 (?(*   Snake:2 }=}(   Snake:3 (!*[


Innate Abilities, Weirdness & Mutations

You are resistant to torment.
Your stone body is resilient. (AC +13)
You are immune to poison.
Your large and strong wings let you fly indefinitely.
You resist negative energy. (rN+)
You are resistant to electric shocks. (rElec)
You can survive without breathing.
You are immune to petrification.
You are immune to rotting.


Message History

The sea snake bites you but does no damage.
You start putting on your armour.
You continue putting on your +2 shield.
The merfolk barely misses you. The sea snake closely misses you.
The merfolk aquamancer barely misses you.
The merfolk aquamancer gestures at you while chanting.
The shard of ice hits you! You partially resist.
* * * LOW HITPOINT WARNING * * *
You continue putting on your +2 shield.
The sea snake bites you!
* * * LOW HITPOINT WARNING * * *
The merfolk aquamancer hits you but does no damage.
The merfolk barely misses you.
The merfolk impaler completely misses you.
The merfolk aquamancer points at you and mumbles some strange words.
The shard of ice hits you!
You continue putting on your +2 shield.
The sea snake completely misses you.
The merfolk aquamancer hits you but does no damage.
The merfolk impaler hits you from afar with a vampiric demon trident!
You die...

≈≈≈≈≈≈≈≈≈≈≈≈≈≈≈.≈≈≈≈≈≈≈
≈≈≈≈≈≈≈≈≈≈≈≈^=....≈≈≈≈≈≈
≈≈≈≈≈≈≈≈≈≈≈......).≈≈≈≈.
≈≈≈≈≈≈≈≈≈..###..........
≈≈≈≈≈≈≈≈≈.## ###.....≈..
.≈≈≈≈≈≈≈≈.# ##....≈..
≈≈≈≈≈≈≈≈≈[# ##..(..#
.≈≈≈≈≈≈≈.## ###..##
.≈≈≈≈≈S@## ####
≈≈≈≈≈≈mm# ≈≈≈≈≈m≈m#
≈≈≈≈≈≈≈.m ..m..≈≈≈..
≈.....≈≈≈≈≈ [.###≈≈≈≈≈§m
.. #....≈≈≈≈ ##...≈≈≈≈≈


You could see a merfolk impaler, a merfolk javelineer, a sea snake, 2 merfolk
aquamancers, a merfolk and a water nymph.

Vanquished Creatures
  Kirke (Lair:4)
  Roxanne (Snake:1)
  7 nagarajas
  A tengu reaver (D:13)
  Aizul (Snake:1)
  Azrael (D:13)
  5 dire elephants
  A merfolk javelineer (Shoals:2)
  An ettin (D:13)
  A merfolk impaler (Shoals:2)
  A fire dragon (D:15)
  A minotaur (Lab)
  Snorg (D:10)
  A vault guard (D:14)
  7 hydras
  Erolcha (D:13)
  13 naga warriors
  A merfolk aquamancer (Shoals:1)
  A merfolk avatar (Shoals:2)
  A death knight (D:14)
  A catoblepas (Lair:2)
  4 centaur warriors
  Erica (D:10)
  5 anacondas
  An alligator snapping turtle (Shoals:3)
  4 two-headed ogres
  A hell hog (Volcano)
  An ogre mage (D:13)
  2 tengu warriors (D:13)
  2 shock serpents
  4 orc high priests
  16 naga sharpshooters
  A shadow wraith (D:14)
  A salamander mystic (Snake:3)
  4 skeletal warriors (D:15)
  The ghost of kal9871 the Arsonist, a novice OpFE of Sif Muna (D:9)
  A fire crab (Volcano)
  5 sea snakes
  3 unseen horrors
  9 naga ritualists
  A wolf spider zombie (D:14)
  6 orc knights
  A phantasmal warrior (D:14)
  7 harpies
  7 mana vipers
  A wolf spider (D:15)
  2 deep elf magi
  20 ugly things
  4 orc sorcerers
  10 manticores
  10 salamanders
  9 cyclopes
  41 black mambas
  13 elephants
  A water nymph (Shoals:2)
  25 naga magi
  7 guardian serpents
  2 gargoyles
  2 merfolk sirens
  6 spiny frogs
  7 komodo dragons
  4 rime drakes
  A kobold demonologist (D:15)
  2 freezing wraiths (D:14)
  A hornet (shapeshifter) (D:13)
  5 merfolk
  A meliai (shapeshifter) (D:13)
  A troll (shapeshifter) (D:14)
  4 meliai
  5 trolls
  2 wind drakes
  A hornet (D:13)
  10 hippogriffs
  6 snapping turtles
  3 slime creatures (D:13)
  A centaur simulacrum (D:14)
  3 water elementals (Shoals:1)
  A shadow (D:12)
  4 wyverns
  2 basilisks
  46 yaks
  5 hogs
  A fire bat (shapeshifter) (D:13)
  2 wraiths
  3 fire elementals (D:13)
  13 fire bats (Volcano)
  2 hungry ghosts
  2 steam dragons (Volcano)
  Edmund (D:6)
  4 wargs
  43 nagas
  18 water moccasins
  A soldier ant (D:14)
  11 porcupines
  4 hell hounds
  23 orc warriors
  9 sky beasts
  5 ice beasts
  2 black bears
  A hornet zombie (D:12)
  12 ogres
  8 phantoms
  2 necrophages
  5 wolves
  20 centaurs
  14 crocodiles
  A big kobold (D:9)
  21 bullfrogs
  2 earth elementals (D:11)
  A wyvern zombie (D:14)
  2 scorpions
  7 killer bees
  4 wights (D:10)
  5 howler monkeys
  9 crimson imps
  7 lava snakes
  5 centaur zombies
  2 bullfrog zombies
  A quasit (D:9)
  Crazy Yiuf (D:6)
  17 orc priests
  2 bullfrog skeletons
  11 hounds
  5 jellies
  6 centaur skeletons
  An iron imp (D:7)
  11 orc wizards
  5 iguanas
  18 worker ants
  A hound skeleton (D:9)
  A worker ant zombie (D:5)
  A gnoll (D:3)
  A howler monkey skeleton (D:11)
  15 adders
  10 shadow imps
  5 oozes
  An adder zombie (D:6)
  4 worms
  3 dart slugs
  9 leopard geckos
  94 orcs
  9 bats
  9 giant cockroaches
  8 goblins
  9 hobgoblins
  27 kobolds
  6 quokkas
  A ball python (Sewer)
  5 frilled lizards
  A goblin skeleton (D:7)
  2 hobgoblin zombies (D:7)
  A kobold skeleton (D:7)
  A kobold zombie (D:7)
  A leopard gecko zombie (D:8)
  2 orc zombies (D:7)
  A quokka skeleton (D:4)
  5 rats
  14 bushes (Lair:5)
  A fire vortex (D:13)
  38 fungi
  26 plants
1067 creatures vanquished.

Vanquished Creatures (collateral kills)
  A bullfrog (Lair:5)
1 creature vanquished.

Vanquished Creatures (others)
  10 fungi
  7 plants
17 creatures vanquished.

Grand Total: 1085 creatures vanquished

Notes
Turn   | Place    | Note
-------+----------+-------------------------------------------
     0 | D:1      | nikopol the Gargoyle Fighter began the quest for the Orb.
     0 | D:1      | Reached XP level 1. HP: 14/14 MP: 1/1
   120 | D:1      | Reached XP level 2. HP: 17/19 MP: 2/2
   483 | D:1      | Reached XP level 3. HP: 21/23 MP: 3/3
   734 | D:2      | Found a sacrificial altar of Ru.
  1009 | D:2      | Found a basalt altar of Yredelemnul.
  1145 | D:2      | Reached XP level 4. HP: 29/29 MP: 4/4
  1440 | D:3      | Found a shattered altar of Ashenzari.
  1521 | D:3      | Noticed a centaur
  1532 | D:3      | Killed a centaur
  1532 | D:3      | Reached XP level 5. HP: 5/34 MP: 5/5
  1875 | D:3      | Found a glowing drain.
  1900 | Sewer    | Entered a sewer
  2257 | D:3      | Reached XP level 6. HP: 39/39 MP: 6/6
  2889 | D:4      | Reached skill level 5 in Fighting
  3007 | D:4      | Noticed a phantom
  3029 | D:4      | Killed a phantom
  3029 | D:4      | Reached skill level 5 in Armour
  3029 | D:4      | Reached XP level 7. HP: 38/44 MP: 7/7
  3341 | D:4      | Reached skill level 5 in Shields
  3819 | D:4      | Found a deep blue altar of Sif Muna.
  3841 | D:5      | Entered Level 5 of the Dungeon
  4261 | D:5      | Reached XP level 8. HP: 18/51 MP: 8/8
  4656 | D:5      | Found a blossoming altar of Fedhas.
  4681 | D:5      | Reached skill level 1 in Bows
  4928 | D:5      | Found a glowing silver altar of Zin.
  5032 | D:6      | Noticed a dagger
  5033 | D:6      | Noticed a hand axe
  5034 | D:6      | Found a hide-covered altar of Uskayaw.
  5038 | D:6      | Reached skill level 5 in Axes
  5076 | D:6      | Reached skill level 2 in Bows
  5095 | D:6      | Found Rosoxe's Antique Armour Shop.
  5109 | D:6      | Bought a bloodstained scale mail for 234 gold pieces
  5120 | D:6      | Identified the cursed +0 scale mail of Miracles {rC++} (You bought it in a shop on level 6 of the Dungeon)
  5178 | D:6      | Noticed Edmund
  5190 | D:6      | Killed Edmund
  5647 | D:6      | Reached skill level 3 in Bows
  5663 | D:6      | Reached XP level 9. HP: 51/56 MP: 9/9
  5709 | D:6      | Reached skill level 1 in Dodging
  5754 | D:6      | Found a runed door.
  5758 | D:6      | Noticed Crazy Yiuf
  6337 | D:6      | Killed Crazy Yiuf
  6528 | D:7      | Found Soeleap's Antique Weapon Shoppe.
  6790 | D:7      | Found a staircase to the Ecumenical Temple.
  6798 | Temple   | Entered the Ecumenical Temple
  6997 | Temple   | Became a worshipper of Warmaster Okawaru
  7169 | D:7      | Found a glowing golden altar of the Shining One.
  7186 | D:7      | Reached skill level 4 in Bows
  8026 | D:8      | Found a sparkling altar of Nemelex Xobeh.
  8027 | D:8      | Found an opulent altar of Gozag.
  8404 | D:9      | Reached * piety under Okawaru
  8440 | D:9      | Noticed kal9871's ghost (novice OpFE)
  8483 | D:9      | Reached XP level 10. HP: 64/64 MP: 10/10
  8505 | D:9      | Killed kal9871's ghost
  8505 | D:9      | Reached ** piety under Okawaru
  8505 | D:9      | Reached skill level 5 in Bows
  8920 | D:9      | Found a staircase to the Lair.
  9008 | D:9      | Reached *** piety under Okawaru
  9187 | D:9      | Found a shadowy altar of Dithmenos.
  9309 | D:9      | Found a burning altar of Makhleb.
  9541 | D:10     | Entered Level 10 of the Dungeon
  9806 | D:10     | Reached XP level 11. HP: 23/69 MP: 11/11
 10091 | D:10     | Reached **** piety under Okawaru
 10129 | D:10     | Found a staircase to the Orcish Mines.
 10136 | D:10     | Reached skill level 6 in Bows
 10359 | D:10     | Noticed a two-headed ogre
 10419 | D:10     | Killed a two-headed ogre
 11064 | Lair:1   | Entered Level 1 of the Lair of Beasts
 11220 | Lair:1   | Reached ***** piety under Okawaru
 11235 | Lair:1   | Received a gift from Okawaru
 11976 | D:6      | Bought a pair of translucent gloves for 247 gold pieces
 11986 | D:6      | Identified the +2 pair of gloves "Kunoicsi" {rElec Stlth+} (You bought it in a shop on level 6 of the Dungeon)
 12672 | Lair:1   | Reached skill level 7 in Bows
 13545 | Lair:2   | Noticed a catoblepas
 13587 | Lair:2   | Killed a catoblepas
 13587 | Lair:2   | Received a gift from Okawaru
 13587 | Lair:2   | Reached XP level 12. HP: 9/76 MP: 12/12
 14048 | Lair:2   | Reached skill level 8 in Bows
 14175 | Lair:2   | Noticed an eight-headed hydra
 14188 | Lair:2   | Killed an eight-headed hydra
 14188 | Lair:2   | Received a gift from Okawaru
 14188 | Lair:2   | Reached skill level 10 in Shields
 14317 | Lair:2   | Reached skill level 10 in Axes
 14715 | Lair:3   | Reached skill level 1 in Stealth
 14740 | Lair:3   | Found a staircase to the Snake Pit.
 14851 | Lair:3   | Received a gift from Okawaru
 14852 | Lair:3   | Got a crystal longbow {god gift}
 14854 | Lair:3   | Identified the +3 longbow of the Immovable Wars {velocity, MR+ Dex+4 Stlth+} (Okawaru gifted it to you on level 3 of the Lair of Beasts)
 15159 | Lair:3   | Noticed an eight-headed hydra
 15163 | Lair:3   | Killed an eight-headed hydra
 15204 | Lair:3   | Reached skill level 9 in Bows
 15670 | Lair:3   | Found a staircase to the Shoals.
 16188 | Lair:4   | Received a gift from Okawaru
 16228 | Lair:4   | Reached ****** piety under Okawaru
 16570 | Lair:4   | Received a gift from Okawaru
 16644 | Lair:4   | Reached skill level 10 in Fighting
 16684 | Lair:4   | Received a gift from Okawaru
 16742 | Lair:4   | Reached XP level 13. HP: 82/82 MP: 13/13
 17231 | Lair:4   | Reached skill level 10 in Bows
 17309 | Lair:5   | Found a labyrinth entrance.
 17318 | Lab      | Entered a labyrinth
 17714 | Lab      | Noticed a minotaur
 17722 | Lab      | Killed a minotaur
 17725 | Lab      | Got a scorched tin amulet
 17801 | Lab      | Got a pair of distressingly furry gloves
 17824 | Lair:5   | Identified the cursed +0 pair of gloves of Spring Thaw {rElec} (You found it in a labyrinth)
 17825 | Lair:5   | Identified the amulet "Juali" {*Contam Regen+ Str+5 Stlth+} (You found it in a labyrinth)
 18028 | Lair:5   | Noticed Kirke
 18044 | Lair:5   | Noticed a sphinx
 18085 | Lair:5   | Noticed a sphinx
 18102 | Lair:4   | Killed Kirke
 18414 | Lair:5   | Found a staircase to the Slime Pits.
 18415 | Lair:5   | Found a viscous altar of Jiyva.
 19301 | Lair:5   | Paralysed by fainting for 12 turns
 19327 | Lair:6   | Entered Level 6 of the Lair of Beasts
 19500 | Lair:6   | Received a gift from Okawaru
 19823 | Lair:6   | Received a gift from Okawaru
 20033 | Lair:6   | Reached skill level 11 in Bows
 20184 | Lair:6   | Received a gift from Okawaru
 20553 | Lair:6   | Noticed a dire elephant
 20685 | Lair:6   | Noticed a dire elephant
 20733 | Lair:6   | Killed a dire elephant
 20904 | Lair:6   | Noticed a dire elephant
 20911 | Lair:6   | Noticed a dire elephant
 21052 | Lair:6   | Killed a dire elephant
 21052 | Lair:6   | Gained mutation: Your large and strong wings let you fly indefinitely. [Gargoyle growth]
 21052 | Lair:6   | Reached XP level 14. HP: 88/88 MP: 14/14
 21138 | Lair:6   | HP: 3/88 [dire elephant (6)]
 21138 | Lair:6   | HP: 1/88 [dire elephant (2)]
 21141 | Lair:6   | Killed a dire elephant
 21294 | Lair:6   | Killed a dire elephant
 21341 | Lair:6   | Noticed a dire elephant
 21341 | Lair:6   | Noticed a dire elephant
 21886 | Orc:1    | Entered Level 1 of the Orcish Mines
 21890 | Orc:1    | Noticed Erica
 22025 | D:10     | Killed Erica
 22025 | D:10     | Received a gift from Okawaru
 22146 | Orc:1    | Noticed Snorg
 22186 | D:10     | Killed Snorg
 22360 | D:10     | Reached skill level 5 in Dodging
 22915 | Orc:2    | Entered Level 2 of the Orcish Mines
 23024 | Orc:2    | Received a gift from Okawaru
 23058 | Orc:2    | Found a dark tunnel.
 23096 | Volcano  | Entered a volcano
 23275 | Volcano  | Received a gift from Okawaru
 23414 | Volcano  | Found a burning altar of Makhleb.
 23514 | Volcano  | Found a burning altar of Makhleb.
 23649 | Orc:2    | Found a staircase to the Elven Halls.
 23695 | Orc:2    | Received a gift from Okawaru
 23700 | Orc:2    | Got a smoking scarf {god gift}
 23745 | Orc:2    | Identified the scarf of Fuunom {rF+ Dex+3 Slay+5} (Okawaru gifted it to you on level 2 of the Orcish Mines)
 24141 | Orc:2    | Found a roughly hewn altar of Beogh.
 24182 | Orc:2    | Reached skill level 10 in Armour
 24749 | Orc:2    | Found Cich's Magic Scroll Shoppe.
 24749 | Orc:2    | Found Byjeumo's Weapon Shoppe.
 24755 | Orc:2    | Found Nufurhur's Assorted Antiques.
 24755 | Orc:2    | Found Pokhlu's Antique Weapon Shop.
 24818 | Orc:2    | Bought a distressingly furry chain mail for 332 gold pieces
 24987 | Orc:2    | Identified the +1 chain mail "Gur Acli" {rF++} (You bought it in a shop on level 2 of the Orcish Mines)
 25332 | D:11     | Reached skill level 12 in Bows
 25500 | D:11     | Found Yrubog's Pet Rocks.
 26176 | D:12     | Reached XP level 15. HP: 95/95 MP: 15/15
 27005 | D:13     | Noticed Azrael
 27020 | D:13     | Killed Azrael
 27020 | D:13     | Reached skill level 13 in Bows
 27037 | D:13     | Received a gift from Okawaru
 27076 | D:13     | Noticed Erolcha
 27079 | D:13     | Killed Erolcha
 27236 | D:13     | Noticed a tengu reaver
 27869 | D:13     | Found a runed gate.
 27869 | D:13     | Found a runed gate.
 27869 | D:13     | Found a runed gate.
 27881 | D:13     | Noticed a shadow dragon
 27881 | D:13     | an iron troll changed into a shadow dragon
 28061 | D:13     | Killed a tengu reaver
 28219 | D:13     | Found a runed gate.
 28219 | D:13     | Found a runed gate.
 28219 | D:13     | Found a runed gate.
 28273 | D:13     | Got a slimy ring mail
 28284 | D:13     | Identified the +8 ring mail "Emom" {rC+ rN+ Int+3 Slay+3} (You found it on level 13 of the Dungeon)
 28317 | D:13     | Learned a level 2 spell: Passwall
 28366 | D:13     | Received a gift from Okawaru
 28883 | D:14     | Received a gift from Okawaru
 28952 | D:14     | Found a gate to the Vaults.
 29365 | D:14     | Reached skill level 14 in Bows
 29447 | D:14     | Got a smoking ruby amulet
 29570 | D:14     | Reached XP level 16. HP: 103/103 MP: 16/16
 29671 | D:15     | Entered Level 15 of the Dungeon
 29866 | D:15     | Found a blossoming altar of Fedhas.
 30308 | D:15     | Found a hazy altar of Hepliaklqana.
 30751 | D:15     | Found Qoxzesko's Antique Weapon Emporium.
 30926 | D:15     | Identified the amulet "Pinwyat" {Gourm Fragile rF+++ rN+++ Str-5} (You found it on level 14 of the Dungeon)
 30959 | D:15     | Found a staircase to the Depths.
 31390 | Snake:1  | Entered Level 1 of the Snake Pit
 31549 | Snake:1  | Received a gift from Okawaru
 31555 | Snake:1  | Reached skill level 15 in Bows
 31825 | Snake:1  | Noticed Aizul
 31835 | Snake:1  | Killed Aizul
 32003 | Snake:1  | Noticed Roxanne
 32019 | Snake:1  | Killed Roxanne
 32115 | Snake:1  | Identified Roxanne's Incunabulum of Clay (You took it off Roxanne on level 1 of the Snake Pit)
 32170 | Snake:1  | Received a gift from Okawaru
 32392 | Snake:2  | Received a gift from Okawaru
 32502 | Snake:2  | Received a gift from Okawaru
 32562 | Snake:2  | Found Poovys's Gadget Emporium.
 32562 | Snake:2  | Found Jokuem's Jewellery Boutique.
 32563 | Snake:2  | Found Yre Nih's Gadget Emporium.
 32582 | Snake:2  | Noticed a nagaraja
 32587 | Snake:2  | Killed a nagaraja
 32687 | Snake:2  | Received a gift from Okawaru
 32765 | Snake:2  | Reached XP level 17. HP: 72/110 MP: 17/17
 32777 | Snake:2  | Reached skill level 16 in Bows
 32839 | Snake:2  | Found Dacziep's Weapon Shoppe.
 33672 | Snake:3  | Received a gift from Okawaru
 33673 | Snake:3  | Got a bloodstained crystal plate armour {god gift}
 33711 | Snake:3  | Identified the +0 crystal plate armour "Judaow" {MR++ Int+3} (Okawaru gifted it to you on level 3 of the Snake Pit)
 33900 | Snake:3  | Found Azub's Distillery.
 33903 | Snake:3  | Found Quyc's Antique Weapon Shop.
 33904 | Snake:3  | Found Roys's Armour Shop.
 33905 | Snake:3  | Found Mol Kit's Assorted Antiques.
 33925 | Snake:3  | Bought 2 potions of heal wounds for 170 gold pieces
 33925 | Snake:3  | Bought a potion of heal wounds for 85 gold pieces
 33925 | Snake:3  | Bought a potion of heal wounds for 85 gold pieces
 33925 | Snake:3  | Bought a potion of heal wounds for 85 gold pieces
 33925 | Snake:3  | Bought a potion of might for 68 gold pieces
 33932 | Snake:3  | Bought a potion of heal wounds for 150 gold pieces
 33932 | Snake:3  | Bought a potion of heal wounds for 150 gold pieces
 34331 | Snake:4  | Entered Level 4 of the Snake Pit
 34814 | Snake:4  | Reached skill level 17 in Bows
 35049 | Snake:4  | Received a gift from Okawaru
 35152 | Snake:4  | Reached XP level 18. HP: 118/118 MP: 18/18
 35156 | Snake:4  | Reached skill level 15 in Fighting
 35324 | Snake:4  | Got a serpentine rune of Zot
 35533 | Shoals:1 | Entered Level 1 of the Shoals
 36587 | Shoals:2 | Reached skill level 18 in Bows
 36673 | Shoals:2 | Received a gift from Okawaru
 36988 | Shoals:2 | Received a gift from Okawaru
 37460 | Shoals:3 | Got a crude helmet
 37471 | Shoals:3 | Identified the cursed +0 helmet of Thoughtfulness {MP+9} (You found it on level 3 of the Shoals)
 37508 | Shoals:3 | HP: 1/119 [sea snake (12)]
 37509 | Shoals:3 | Demolished by a merfolk impaler

Vault maps used:
D:1:      dpeg_arrival_shrine
D:2:      lemuel_doored_altar, nicolae_ru_awakened_eye
D:3:      ashenzari_conservatory_becter, cheibrodos_sewer_entry_sluice,
          solitary_fountain, minmay_vboxes
D:4:      led_sif_pool
D:5:      zin_scriptorium, nicolae_overflow_hidden_temple, first_bread
D:6:      dancing_weapons_uskayaw, serial_shops, shop, uniq_edmund,
          uniq_crazy_yiuf_cottage
D:7:      nicolae_tso_besieged_by_evil, minmay_temple_entry_mist, serial_shops,
          shop_statue, grunt_ogre_cave
D:8:      grunt_temple_overflow_opulence
D:9:      makhleb_blood_cavern_becter, nicolae_dithmenos_the_darkroom,
          lair_entry_dummy
D:10:     orc_0_dummy
D:11:     guppyfry_shop_earth
D:13:     kennysheep_treasure_stockpile, uniq_azrael, uniq_erolcha
D:14:     david_vaults_4, minmay_holes
D:15:     hangedman_depths_entry_try_elsewhere_first, basic_altar,
          fedhas_altar_3, serial_shops, nicolae_shop_overgrown_old_shop
Temple:   minmay_temple_curvy_loop
Lair:1:   minivault_27
Lair:2:   beast_lair_carwin_11, grunt_megastairs_5
Lair:3:   minmay_shoals_entry_hut, guppyfry_snake_entry_island
Lair:5:   minmay_guarded_unrand_snakebite, slime_altar_1, lab_entry_generic,
          minmay_hedge_maze, minivault_27, grunt_megastairs_4, uniq_kirke
Lair:6:   due_jungle_book
Shoals:3: st_sunken_temple
Snake:1:  nrook_guardian_serpent_ordinary, grunt_megastairs_1, uniq_roxanne,
          uniq_aizul
Snake:2:  serial_shops, shop, grunt_ministairs_12, st_stairs_10,
          lemuel_fruit_tree, minmay_shop_grove
Snake:3:  st_stairs_7, minmay_shop_grid_forest, grunt_ministairs_9, spider_trap
Snake:4:  snake_pit
Orc:1:    uniq_erica, uniq_snorg
Orc:2:    st_orc_elflike, nicolae_volcano_entry_lava_flow, minmay_orc_temple_a
Sewer:    kennysheep_pipe_town
Volcano:  volcano_grotto

Skill      XL: |  1  2  3  4  5  6  7  8  9 10 11 12 13 14 15 16 17 18 |
---------------+-------------------------------------------------------+-----
Axes           | 2 3 4 5 6 8 9 10 11 12 13 | 13.8
Fighting       | 4 5 6 7 8 9 10 11 12 13 14 15 | 15.4
Shields        | 4 5 6 7 8 9 10 11 12 | 12.9
Armour         | 4 5 6 7 8 9 10 11 | 11.1
Bows           | 3 4 5 7 9 11 12 14 15 17 18 | 18.2
Dodging        | 2 3 4 5 6 |  6.0
Stealth        | 1 2 3 |  3.1
Unarmed Combat | |  0.8
Invocations    | |  0.2

Action                   |  1- 3 |  4- 6 |  7- 9 | 10-12 | 13-15 | 16-18 || total
-------------------------+-------+-------+-------+-------+-------+-------++-------
Melee: War axe           |   151 |    94 |   250 |   548 |  1061 |   300 ||  2404
       Unarmed           |       |       |       |       |     7 |       ||     7
       Punch             |       |       |       |       |     4 |     1 ||     5
 Fire: Shortbow          |       |    97 |   195 |   213 |       |       ||   505
       Longbow           |       |       |       |    68 |   609 |   737 ||  1414
Invok: Heroism           |       |       |       |       |     1 |     1 ||     2
 Abil: Fly               |       |       |       |       |       |     1 ||     1
  Use: Scroll            |       |     5 |     1 |    15 |    14 |    15 ||    50
       Potion            |       |     1 |     2 |     2 |     6 |       ||    11
  Eat: Chunk             |     1 |     5 |    18 |    25 |    37 |    15 ||   101
       Fruit             |       |       |     1 |     2 |     3 |       ||     6
       Royal jelly       |       |       |       |       |     1 |     4 ||     5
Armor: Scale mail        |   106 |    96 |   209 |   415 |   321 |       ||  1147
       Plate armour      |       |       |       |       |   162 |       ||   162
       Ring mail         |       |       |       |       |    32 |   226 ||   258
Dodge: Dodged            |    57 |    69 |   144 |   356 |   467 |   244 ||  1337
Block: Shield            |    79 |    32 |    34 |   107 |   305 |    52 ||   609
